 Dungeon Crawl Stone Soup version 0.30-a0-540-g0af01429fa (webtiles) character file.

Game seed: 13368938915673397371

58 drugrobin the Sneak (level 3, -3/30 HPs)
             Began as a Demigod Delver on Dec 26, 2022.
             Killed by divine providence
             ... invoked by an orc priest
              (8 damage)
             ... on level 3 of the Dungeon.
             The game lasted 00:02:08 (543 turns).

drugrobin the Sneak (Demigod Delver)                 Turns: 543, Time: 00:02:09

Health: -3/30      AC:  3    Str: 13    XL:     3   Next: 51%
Magic:  5/5        EV: 12    Int: 12    God:
Gold:   17         SH:  0    Dex: 19    Spells: 2/2 levels left

rFire   . . .      SeeInvis .    g - +0 sling
rCold   . . .      Faith    .    (no shield)
rNeg    . . .      Spirit   .    a - +0 leather armour
rPois   .          Reflect  .    (no helmet)
rElec   .          Harm     .    (no cloak)
rCorr   .          Rampage  .    (no gloves)
Will    .....                    (no boots)
Stlth   +++                      (no amulet)
HPRegen 0.25/turn                (no ring)
MPRegen 0.09/turn                (no ring)

@: hasted, very quick
A: high MP 1, forlorn, divine attributes
a: no special abilities


You were on level 3 of the Dungeon.
You visited 1 branch of the dungeon, and saw 3 of its levels.

You collected 17 gold pieces.

Inventory:

Hand Weapons
 g - a +0 sling (weapon)
Armour
 a - a +0 leather armour (worn)
Wands
 f - a wand of digging (3)
Scrolls
 b - a scroll of fog
 h - a scroll of identify {unknown}


   Skills:
 - Level 2.6 Fighting
 - Level 1.7 Dodging
 - Level 4.5 Stealth
 + Level 3.8 Unarmed Combat


You had 2 spell levels left.
You didn't know any spells.
Your spell library was empty.

Dungeon Overview and Level Annotations

Branches:
Dungeon (5/15)             Temple (0/1) D:4


Innate Abilities, Weirdness & Mutations

You have an increased reservoir of magic. (+10% MP)
You shall have no god before yourself.
Your divine heritage dramatically boosts your attributes as you level up.


Message History

You miss the frilled lizard. The frilled lizard barely misses you.
You hit the frilled lizard.
You kill the frilled lizard!
Unknown command.
g - a +0 sling (weapon)
Unknown command.
Unknown command. 2 orcs come into view.
An orc comes into view. It is wielding a +0 short sword.
The orc moves out of view.
Unknown command.
Fire: g) +0 sling
Press: ? - help, Q - select action Shift-Dir - straight line, f - orc priest, p - orc
Aim: an orc priest, wielding a +0 club and wearing a +0 scale mail (63% to hit)
You shoot a sling bullet. The orc shouts!
The orc shouts!
The sling bullet hits the orc.
You kill the orc!
The orc priest calls down the wrath of Beogh upon you.
Beogh smites you!
Ouch! That really hurt!
* * * LOW HITPOINT WARNING * * *
Unknown command.
Unknown command.
Unknown command.
Unknown command.
Okay, then.
You feel yourself speed up.
Unknown command.
Unknown command.
Fire: g) +0 sling
Press: ? - help, Q - select action Shift-Dir - straight line, f/p - orc priest
Aim: an orc priest, wielding a +0 club and wearing a +0 scale mail (63% to hit)
You shoot a sling bullet. The sling bullet hits the orc priest!
The orc priest is heavily wounded.
The orc barely misses you.
The orc priest calls down the wrath of Beogh upon you.
Beogh smites you!
You die...

#. #. ##.##
#oo>######
.o....#......#
o####...####)#
##.## #o# #.
#.# #. #@#
....o.o.#
#######.# #.#
... ... ...
.....


You could see an orc priest and 2 orcs.

Vanquished Creatures
  A jelly (D:4)
  An adder (D:5)
  A shadow imp (D:5)
  A worm (D:4)
  An orc (D:3)
  A goblin (D:5)
  A quokka (D:4)
  A ball python (D:4)
  A frilled lizard (D:3)
  A kobold (D:4)
10 creatures vanquished.

Notes
Turn   | Place    | Note
-------+----------+-------------------------------------------
     0 | D:5      | drugrobin the Demigod Delver began the quest for the Orb.
     0 | D:5      | Reached XP level 1. HP: 18/18 MP: 3/3
   133 | D:5      | Reached XP level 2. HP: 6/25 MP: 4/4
   295 | D:4      | Reached XP level 3. HP: 10/30 MP: 5/5
   408 | D:4      | Noticed a black bear
   487 | D:5      | Noticed a scorpion
   543 | D:3      | Killed from afar by an orc priest

Illustrated notes

Levels and vault maps discovered:
D:3:      layout_loops_ring, serial_shops, nicolae_shop_crystal
D:4:      layout_basic, minmay_temple_entry_water_ring
D:5:      layout_loops_cross

Skill      XL: |  1  2 |
---------------+-------+-----
Unarmed Combat | 2 3 |  3.8
Fighting       | |  2.6
Dodging        | |  1.7
Stealth        | |  4.5

Action                   || total
-------------------------++-------
Melee: Unarmed           ||    14
 Fire: Sling             ||    27
  Use: Scroll            ||     2
       Potion            ||     1
Armor: Leather armour    ||     2
Dodge: Dodged            ||    21

Table legend: (Time is in decaauts)
 A = Elapsed time spent in this place.
 B = Non-inter-level travel time spent in this place.
 C = Inter-level travel time spent in this place.
 D = Time resting spent in this place.
 E = Time spent auto-exploring this place.
 F = Levels seen in this place.
 G = Mean time per level.
                   A        B        C        D        E       F      G
               +--------+--------+--------+--------+--------+-----+--------+
         Total |    550 |    538 |     12 |    132 |    202 |   3 |  183.3 |
       Dungeon |    550 |    538 |     12 |    132 |    202 |   3 |  183.3 |
               +--------+--------+--------+--------+--------+-----+--------+

Top non-repeatable levels by time:
     D:5: 266 daAuts
     D:4: 259 daAuts
     D:3: 24 daAuts
